 Dungeon Crawl Stone Soup version 0.29.0-4-gdea44cf6ec (webtiles) character file.

Game seed: 902101323284896967

2587 qw the Cleaver (level 9, -1/57 HPs)
             Began as a Gargoyle Fighter on Sept 4, 2022.
             Was an Initiate of Okawaru.
             Slain by Grum
             ... wielding a +0 spear
              (2 damage)
             ... on level 8 of the Dungeon.
             The game lasted 00:04:57 (8405 turns).

qw the Cleaver (Gargoyle Fighter)                   Turns: 8405, Time: 00:04:58

Health: -1/57      AC: 24    Str: 24    XL:     9   Next: 58%
Magic:  9/9        EV:  7    Int:  9    God:    Okawaru [......]
Gold:   309        SH:  4    Dex:  9    Spells: 8/8 levels left

rFire   . . .      SeeInvis .   Y - +4 war axe
rCold   + + .      Faith    +   c - +0 buckler
rNeg    + . .      Spirit   .   n - +1 plate armour
rPois   inf        Reflect  .   (no helmet)
rElec   +          Harm     .   m - +0 cloak
rCorr   +          Rampage  .   (no gloves)
Will    .....                   l - +2 pair of boots
Stlth   ..........              k - amulet "Kozehaid" {Faith rC++}
HPRegen 0.19/turn               e - ring of resist corrosion
MPRegen 0.11/turn               (no ring)

@: about to teleport
A: sickness immunity, AC +6, negative energy resistance 1, electricity
resistance, torment resistance 1, petrification resistance
a: Renounce Religion


You were on level 8 of the Dungeon.
You worshipped Okawaru.
Okawaru was noncommittal.
You visited 1 branch of the dungeon, and saw 8 of its levels.

You collected 309 gold pieces.


Innate Abilities, Weirdness & Mutations

You are immune to sickness and miasma.
Your stone body is resilient. (AC +6)
You are immune to poison.
You resist negative energy. (rN+)
You are resistant to electric shocks. (rElec)
You are resistant to unholy torment.
You are immune to petrification.


   Skills:
 - Level 7.0 Fighting
 - Level 9.0 Axes
 - Level 2.1 Throwing
 + Level 5.9 Armour
 - Level 1.5 Dodging
 - Level 4.0 Shields


You had 8 spell levels left.
You didn't know any spells.
Your spell library was empty.

Inventory:

Hand Weapons
 q - a +0 flail
 Y - a +4 war axe (weapon)
Missiles
 f - a boomerang (quivered)
Armour
 c - a +0 buckler (worn)
 l - a +2 pair of boots (worn)
 m - a +0 cloak (worn)
 n - a +1 plate armour (worn)
Jewellery
 e - a ring of resist corrosion (left hand)
 k - the amulet "Kozehaid" (around neck) {Faith rC++}
   (You found it on level 4 of the Dungeon)

   [amulet of faith]

   It allows you to gain divine favour quickly.
   rC:        It greatly protects you from cold.
Scrolls
 j - 5 scrolls of identify
Potions
 a - a potion of haste
 b - 2 potions of cancellation
 d - a potion of might
 h - a potion of curing
 o - a potion of mutation

Dungeon Overview and Level Annotations

Branches:
Dungeon (8/15)             Temple (0/1) D:7
   Lair: D:8-11

Altars:
Dithmenos
Fedhas
Hepliaklqana
Okawaru
Xom
Yredelemnul
The Shining One

Shops:
D:1 **=[(

Annotations:
D:6 1 runed translucent door, Crazy Yiuf
D:8 Grum, Maggie, Maurice


Message History

You closely miss the wolf. You closely miss the water moccasin.
You slash the wolf! The wolf bites you.
The wolf bites you but does no damage. x2
The water moccasin bites you but does no damage.
The wolf closely misses you. The wolf barely misses you.
The wolf bites you but does no damage. The water moccasin closely misses you.
Grum hits you from afar with a +0 spear!
You miss the wolf.
The wolf is heavily wounded.
You slash the water moccasin!
You kill the water moccasin!
Okawaru accepts your kill.
You miss the wolf. x2
The wolf bites you! The wolf bites you but does no damage. The wolf bites you.
The gnoll closely misses you.
The wolf bites you but does no damage. x2
Grum hits you from afar with a +0 spear!
The wolf bites you but does no damage.
8403 ||| READING scroll of teleportation.
As you read the scroll of teleportation, it crumbles to dust.
You feel strangely unstable. You block the wolf's attack.
The wolf bites you but does no damage. x2
The gnoll hits you from afar with a +0 halberd.
Grum hits you but does no damage. The wolf bites you but does no damage.
The wolf completely misses you. The wolf bites you but does no damage.
You barely miss the wolf.
The wolf is heavily wounded.
You miss the wolf. You hit the gnoll but do no damage. You hit the wolf.
The wolf bites you but does no damage. x2; The wolf bites you.
The gnoll closely misses you.
Maggie the Vainglorious comes into view.
She is wielding a +2 vorpal scimitar.
Grum closely misses you. The gnoll hits you but does no damage.
You block the wolf's attack. The wolf bites you but does no damage.
You slash the wolf!
The wolf is almost dead.
You slash the wolf! You miss the wolf. You barely miss the gnoll.
The wolf closely misses you. The wolf bites you but does no damage.
You block the wolf's attack. The wolf bites you but does no damage.
The gnoll hits you from afar with a +0 halberd.
Grum hits you from afar with a +0 spear.
You die...

.... ....># .
...# . ...##
####. ....##
##...##.....##
..##.....<.......
#.....h.....!....
#...gh@gg.......
#....h..........
###.............
##...##.......
##### .##@.PP .#
..P. .. P.


You could see Maggie, Grum, 3 wolves and 2 gnolls.

Vanquished Creatures
  Prince Ribbit (D:7)
  A steam dragon (D:4)
  An acid dragon (D:6)
  2 water moccasins
  Duvessa (D:5)
  A sky beast (D:6)
  2 black bears (D:5)
  2 ogres
  A centaur (D:6)
  A phantom (D:7)
  3 bullfrogs
  2 scorpions
  A necrophage (D:7)
  Dowan (D:5)
  3 howler monkeys
  A hound (D:6)
  2 jellies
  2 orc priests
  3 iguanas
  Terence (D:3)
  Jessica (D:3)
  Natasha (thrice) (D:3)
  5 orc wizards
  4 gnolls (D:4)
  11 adders
  A shadow imp (D:7)
  A white imp (D:5)
  4 dart slugs
  2 worms
  12 orcs
  7 ball pythons
  5 bats
  6 endoplasms
  5 giant cockroaches
  8 goblins
  8 hobgoblins
  3 jackals (D:1)
  4 quokkas
  4 frilled lizards
  4 kobolds
  5 rats
135 creatures vanquished.

Vanquished Creatures (others)
  A plant (D:8)
1 creature vanquished.

Grand Total: 136 creatures vanquished

Notes
Turn   | Place    | Note
-------+----------+-------------------------------------------
     0 | D:1      | qw the Gargoyle Fighter began the quest for the Orb.
     0 | D:1      | Reached XP level 1. HP: 14/14 MP: 1/1
     0 | D:1      | 0 ||| qw: Version: 0.1-a-102-g441f92d
     0 | D:1      | 0 ||| qw: Game counter: 5309
     0 | D:1      | 0 ||| qw: Always use a shield: true
     0 | D:1      | 0 ||| qw: God list: Okawaru
     0 | D:1      | 0 ||| qw: Allow faded altars: false
     0 | D:1      | 0 ||| qw: Do Orc after D:15 true
     0 | D:1      | 0 ||| qw: Do second Lair branch before Depths: true
     0 | D:1      | 0 ||| qw: Lair rune preference: random
     0 | D:1      | 0 ||| qw: Plans: Normal
     0 | D:1      | 0 ||| PLANNING D:1-11
    37 | D:1      | Reached skill level 2 in Axes
   167 | D:1      | Found Ystecodu's General Store.
   176 | D:1      | 176 ||| SHOPLISTING potion of might (48 gold, have 0).
   176 | D:1      | 176 ||| SHOPLISTING scroll of identify (24 gold, have 0).
   193 | D:1      | Found Ruaga's Armour Emporium.
   196 | D:1      | 196 ||| SHOPLISTING +0 chain mail (49 gold, have 0).
   196 | D:1      | 196 ||| SHOPLISTING +0 helmet (49 gold, have 0).
   196 | D:1      | 196 ||| SHOPLISTING +0 plate armour (253 gold, have 0).
   209 | D:1      | Reached XP level 2. HP: 19/19 MP: 2/2
   218 | D:1      | 218 ||| Stepping ~*~*~tactically~*~*~ (stealth).
   221 | D:1      | 221 ||| Stepping ~*~*~tactically~*~*~ (stealth).
   232 | D:1      | HP: 4/19 [kobold/+0 whip (3)]
   470 | D:1      | 470 ||| DROPPING +0 club.
   739 | D:1      | Found Gogunn's Jewellery Emporium.
   750 | D:1      | 750 ||| Stepping ~*~*~tactically~*~*~ (stealth).
   756 | D:1      | Reached skill level 3 in Axes
   757 | D:1      | 757 ||| SHOPLISTING +4 ring of evasion (360 gold, have 0).
   757 | D:1      | 757 ||| SHOPLISTING amulet of guardian spirit (300 gold,
                  | have 0).
   757 | D:1      | 757 ||| SHOPLISTING ring of fire (250 gold, have 0).
   757 | D:1      | 757 ||| SHOPLISTING ring of willpower (250 gold, have 0).
   850 | D:1      | Reached XP level 3. HP: 23/23 MP: 3/3
   911 | D:1      | 911 ||| Stepping ~*~*~tactically~*~*~ (stealth).
   912 | D:1      | 912 ||| Stepping ~*~*~tactically~*~*~ (stealth).
   972 | D:1      | Found a faded altar of an unknown god.
  1043 | D:1      | Found Kuicrey's Assorted Antiques.
  1052 | D:1      | 1052 ||| SHOPLISTING fizzy green potion (19 gold, have 0).
  1052 | D:1      | 1052 ||| SHOPLISTING pink potion (19 gold, have 0).
  1052 | D:1      | 1052 ||| SHOPLISTING scroll labelled MUFRA WACOTAN (22
                  | gold, have 0).
  1150 | D:1      | Found Hafooj's Weapon Shop.
  1157 | D:1      | 1157 ||| SHOPLISTING +0 morningstar of draining (101 gold,
                  | have 0).
  1157 | D:1      | 1157 ||| SHOPLISTING +4 morningstar of protection (294
                  | gold, have 0).
  1337 | D:1      | 1337 ||| DROPPING ring of magical power.
  1338 | D:1      | 1338 ||| READING scroll labelled RECWAONOSE.
  1342 | D:1      | 1342 ||| READING scroll labelled EQO TEICUEG.
  1443 | D:1      | 1443 ||| READING scroll labelled GOITHR FEYLOOVI.
  1444 | D:1      | 1444 ||| READING scroll labelled VAYXZU NEL QEGH.
  1445 | D:1      | 1445 ||| DRINKING 2 pink potions.
  1691 | D:2      | 1691 ||| Stepping ~*~*~tactically~*~*~ (hiding).
  2273 | D:2      | 2273 ||| UPGRADING to +0 chain mail.
  2283 | D:2      | 2283 ||| DROPPING +0 scale mail.
  2284 | D:2      | 2284 ||| UPGRADING to +0 plate armour.
  2294 | D:2      | 2294 ||| DROPPING +0 chain mail.
  2295 | D:2      | 2295 ||| READING scroll labelled OREUTASSEI.
  2296 | D:2      | 2296 ||| READING scroll labelled CUEQOA URCHIY.
  2297 | D:2      | 2297 ||| READING scroll labelled MUFRA WACOTAN.
  2298 | D:2      | 2298 ||| READING scroll labelled HODOWK QIEJO.
  2299 | D:2      | 2299 ||| DRINKING 2 white potions.
  2300 | D:2      | 2300 ||| DROPPING potion of degeneration.
  2343 | D:3      | Noticed Terence
  2344 | D:3      | 2344 ||| PLANNING SEWER
  2350 | D:3      | Killed Terence
  2351 | D:3      | Reached skill level 4 in Axes
  2351 | D:3      | Reached XP level 4. HP: 14/28 MP: 4/4
  2483 | D:3      | 2483 ||| FLEEEEING.
  2484 | D:3      | 2484 ||| STAIRDANCE
  2625 | D:3      | Noticed Natasha
  2625 | D:3      | Noticed Jessica
  2631 | D:3      | Killed Jessica
  2632 | D:3      | Reached XP level 5. HP: 28/32 MP: 5/5
  2632 | D:3      | 2632 ||| Stepping ~*~*~tactically~*~*~ (hiding).
  2644 | D:3      | Killed Natasha
  2905 | D:3      | 2905 ||| RIP SEWER
  2917 | D:3      | 2917 ||| PLANNING D:1-11
  2951 | D:3      | Noticed Natasha
  2959 | D:3      | Killed Natasha
  2960 | D:3      | Reached skill level 5 in Axes
  2986 | D:3      | 2986 ||| UPGRADING to ring of resist corrosion.
  2987 | D:3      | 2987 ||| READING scroll of teleportation.
  3045 | D:3      | 3045 ||| Stepping randomly (stuck).
  3046 | D:3      | 3046 ||| Stepping randomly (stuck).
  3047 | D:3      | 3047 ||| Stepping randomly (stuck).
  3048 | D:3      | 3048 ||| Stepping randomly (stuck).
  3049 | D:3      | 3049 ||| Stepping randomly (stuck).
  3050 | D:3      | 3050 ||| Stepping randomly (stuck).
  3051 | D:3      | 3051 ||| Stepping randomly (stuck).
  3052 | D:3      | 3052 ||| Stepping randomly (stuck).
  3053 | D:3      | 3053 ||| Stepping randomly (stuck).
  3054 | D:3      | 3054 ||| Stepping randomly (stuck).
  3055 | D:3      | 3055 ||| Stepping randomly (stuck).
  3137 | D:3      | Noticed Natasha
  3142 | D:3      | Killed Natasha
  3309 | D:3      | Reached XP level 6. HP: 33/38 MP: 6/6
  3480 | D:3      | 3480 ||| Stepping ~*~*~tactically~*~*~ (stealth).
  3542 | D:3      | 3542 ||| Stepping ~*~*~tactically~*~*~ (stealth).
  3544 | D:3      | 3544 ||| Stepping ~*~*~tactically~*~*~ (stealth).
  3592 | D:3      | 3592 ||| Stepping ~*~*~tactically~*~*~ (stealth).
  3685 | D:4      | 3685 ||| Stepping ~*~*~tactically~*~*~ (hiding).
  3918 | D:4      | 3918 ||| Stepping ~*~*~tactically~*~*~ (stealth).
  3945 | D:4      | 3945 ||| Stepping ~*~*~tactically~*~*~ (stealth).
  3958 | D:4      | Reached skill level 6 in Axes
  4011 | D:4      | 4011 ||| Stepping ~*~*~tactically~*~*~ (stealth).
  4013 | D:4      | 4013 ||| Stepping ~*~*~tactically~*~*~ (stealth).
  4026 | D:4      | 4026 ||| Stepping ~*~*~tactically~*~*~ (stealth).
  4034 | D:4      | 4034 ||| Stepping ~*~*~tactically~*~*~ (stealth).
  4144 | D:4      | Noticed a steam dragon
  4145 | D:4      | 4145 ||| Stepping ~*~*~tactically~*~*~ (hiding).
  4155 | D:4      | Killed a steam dragon
  4156 | D:4      | Reached XP level 7. HP: 18/43 MP: 7/7
  4156 | D:4      | 4156 ||| FLEEEEING.
  4160 | D:4      | 4160 ||| FLEEEEING.
  4161 | D:4      | 4161 ||| FLEEEEING.
  4162 | D:4      | 4162 ||| FLEEEEING.
  4163 | D:4      | 4163 ||| FLEEEEING.
  4164 | D:4      | 4164 ||| FLEEEEING.
  4165 | D:4      | 4165 ||| FLEEEEING.
  4166 | D:4      | 4166 ||| FLEEEEING.
  4167 | D:4      | 4167 ||| FLEEEEING.
  4168 | D:4      | 4168 ||| FLEEEEING.
  4169 | D:4      | 4169 ||| FLEEEEING.
  4170 | D:4      | 4170 ||| FLEEEEING.
  4171 | D:4      | 4171 ||| STAIRDANCE
  4330 | D:3      | 4330 ||| UPGRADING to +2 pair of boots.
  4335 | D:3      | 4335 ||| DROPPING scarf of harm.
  4336 | D:3      | 4336 ||| READING scroll labelled LEJUMI ZAHUOD.
  4337 | D:3      | 4337 ||| READING scroll labelled TUPEUG FIETUWN.
  4338 | D:3      | 4338 ||| READING 2 scrolls of identify.
  4338 | D:3      | 4338 ||| IDENTIFYING emerald potion
  4415 | D:4      | 4415 ||| Stepping ~*~*~tactically~*~*~ (stealth).
  4462 | D:4      | Identified the amulet "Kozehaid" {Faith rC++}
  4519 | D:4      | Found a basalt altar of Yredelemnul.
  4535 | D:4      | Found a shadowy altar of Dithmenos.
  4566 | D:4      | 4566 ||| Stepping ~*~*~tactically~*~*~ (hiding).
  4567 | D:4      | 4567 ||| Stepping ~*~*~tactically~*~*~ (hiding).
  4568 | D:4      | 4568 ||| Stepping ~*~*~tactically~*~*~ (hiding).
  4712 | D:4      | 4712 ||| UPGRADING to amulet "Kozehaid" {Faith rC++}.
  4717 | D:4      | 4717 ||| DRINKING 2 sapphire potions.
  4718 | D:4      | 4718 ||| DROPPING potion of invisibility.
  4727 | D:5      | Entered Level 5 of the Dungeon
  4775 | D:5      | Noticed Dowan
  4776 | D:5      | Noticed Duvessa
  4792 | D:5      | Killed Duvessa
  4793 | D:5      | Reached skill level 7 in Axes
  4815 | D:5      | HP: 5/44 [Dowan/shard of ice (13)]
  4818 | D:5      | Killed Dowan
  5150 | D:5      | Reached XP level 8. HP: 44/50 MP: 8/8
  5283 | D:5      | Reached skill level 1 in Dodging
  5283 | D:5      | 5283 ||| STAIRDANCE
  5593 | D:5      | 5593 ||| Stepping ~*~*~tactically~*~*~ (hiding).
  5594 | D:5      | 5594 ||| Stepping ~*~*~tactically~*~*~ (hiding).
  5876 | D:5      | 5876 ||| Stepping ~*~*~tactically~*~*~ (stealth).
  5877 | D:5      | 5877 ||| Stepping ~*~*~tactically~*~*~ (stealth).
  5911 | D:5      | 5911 ||| READING scroll labelled AGRAORE UNYTS.
  5912 | D:5      | 5912 ||| DRINKING 2 fizzy green potions.
  6013 | D:5      | 6013 ||| DRINKING 2 amethyst potions.
  6014 | D:5      | 6014 ||| READING 2 scrolls of identify.
  6014 | D:5      | 6014 ||| IDENTIFYING murky grey potion
  6015 | D:5      | 6015 ||| DROPPING potion of ambrosia.
  6016 | D:5      | 6016 ||| DROPPING potion of brilliance.
  6090 | D:6      | 6090 ||| Stepping ~*~*~tactically~*~*~ (hiding).
  6092 | D:6      | 6092 ||| Stepping ~*~*~tactically~*~*~ (hiding).
  6101 | D:6      | 6101 ||| FLEEEEING.
  6102 | D:6      | 6102 ||| FLEEEEING.
  6103 | D:6      | 6103 ||| FLEEEEING.
  6104 | D:6      | 6104 ||| FLEEEEING.
  6105 | D:6      | 6105 ||| FLEEEEING.
  6106 | D:6      | 6106 ||| STAIRDANCE
  6179 | D:6      | 6179 ||| Stepping ~*~*~tactically~*~*~ (stealth).
  6180 | D:6      | 6180 ||| Stepping ~*~*~tactically~*~*~ (stealth).
  6181 | D:6      | 6181 ||| READING scroll of enchant weapon.
  6181 | D:6      | 6181 ||| ENCHANTING +1 war axe.
  6241 | D:6      | Reached skill level 8 in Axes
  6558 | D:6      | Reached skill level 6 in Fighting
  6687 | D:6      | 6687 ||| READING scroll of enchant armour.
  6687 | D:6      | 6687 ||| ENCHANTING +0 plate armour.
  6918 | D:6      | Found a runed translucent door.
  6919 | D:6      | Noticed Crazy Yiuf
  6980 | D:6      | 6980 ||| Stepping ~*~*~tactically~*~*~ (hiding).
  6990 | D:6      | Reached XP level 9. HP: 46/56 MP: 9/9
  7062 | D:6      | 7062 ||| READING 2 scrolls of enchant weapon.
  7062 | D:6      | 7062 ||| ENCHANTING +2 war axe.
  7063 | D:6      | 7063 ||| READING scroll of enchant weapon.
  7063 | D:6      | 7063 ||| ENCHANTING +3 war axe.
  7204 | D:6      | 7204 ||| READING scroll labelled FONNOR YGUIN.
  7205 | D:6      | 7205 ||| READING 4 scrolls of identify.
  7205 | D:6      | 7205 ||| IDENTIFYING lumpy coppery potion
  7206 | D:6      | 7206 ||| READING 3 scrolls of identify.
  7206 | D:6      | 7206 ||| IDENTIFYING bubbling ruby potion
  7207 | D:6      | 7207 ||| DROPPING potion of attraction.
  7294 | D:7      | Found a glowing golden altar of the Shining One.
  7416 | D:7      | Reached skill level 9 in Axes
  7580 | D:7      | Found an iron altar of Okawaru.
  7588 | D:7      | Became a worshipper of Warmaster Okawaru
  7590 | D:7      | Noticed Prince Ribbit
  7607 | D:7      | 7607 ||| FLEEEEING.
  7608 | D:7      | 7608 ||| FLEEEEING.
  7609 | D:7      | 7609 ||| FLEEEEING.
  7610 | D:7      | 7610 ||| FLEEEEING.
  7611 | D:7      | 7611 ||| FLEEEEING.
  7613 | D:7      | 7613 ||| STAIRDANCE
  7711 | D:6      | 7711 ||| READING scroll labelled SOJUGG HILON.
  7763 | D:7      | Killed Prince Ribbit
  7815 | D:7      | 7815 ||| Stepping ~*~*~tactically~*~*~ (hiding).
  7842 | D:7      | 7842 ||| DRINKING 4 potions of curing.
  7842 | D:7      | 7842 ||| (to cure confusion)
  7844 | D:7      | 7844 ||| DRINKING 3 potions of curing.
  7844 | D:7      | 7844 ||| (to cure confusion)
  7950 | D:7      | 7950 ||| Stepping ~*~*~tactically~*~*~ (stealth).
  7955 | D:7      | 7955 ||| Stepping ~*~*~tactically~*~*~ (stealth).
  7961 | D:7      | 7961 ||| Stepping ~*~*~tactically~*~*~ (hiding).
  7962 | D:7      | 7962 ||| Stepping ~*~*~tactically~*~*~ (hiding).
  7963 | D:7      | 7963 ||| Stepping ~*~*~tactically~*~*~ (hiding).
  7965 | D:7      | 7965 ||| DRINKING 2 potions of curing.
  7965 | D:7      | 7965 ||| (to cure confusion)
  7992 | D:7      | Found a staircase to the Ecumenical Temple.
  8003 | D:7      | 8003 ||| Stepping ~*~*~tactically~*~*~ (stealth).
  8024 | D:7      | 8024 ||| DROPPING +0 whip.
  8169 | D:7      | Found an ancient bone altar of Kikubaaqudgha.
  8171 | D:7      | Found a shimmering altar of Xom.
  8171 | D:7      | Found an iron altar of Okawaru.
  8173 | D:7      | Found a blossoming altar of Fedhas.
  8173 | D:7      | Found a glowing golden altar of the Shining One.
  8173 | D:7      | Found a hazy altar of Hepliaklqana.
  8230 | D:7      | 8230 ||| Stepping ~*~*~tactically~*~*~ (hiding).
  8320 | D:7      | 8320 ||| UPGRADING to +0 cloak.
  8325 | D:7      | 8325 ||| READING scroll labelled CYDIGR VIMO.
  8394 | D:8      | Noticed Grum
  8394 | D:8      | Noticed Maurice
  8395 | D:8      | 8395 ||| PLANNING OSSUARY
  8402 | D:8      | HP: 10/57 [Grum/+0 spear (11)]
  8403 | D:8      | 8403 ||| READING scroll of teleportation.
  8404 | D:8      | HP: 3/57 [wolf[Grum] (4)]
  8404 | D:8      | Noticed Maggie
  8405 | D:8      | HP: 1/57 [gnoll/+0 halberd (3)]
  8405 | D:8      | Slain by Grum

Levels and vault maps discovered:
D:1:      amcnicky_arrival_blooded_trapdoor, layout_loops_cross,
          dreamdust_ecumenical_altar_angels_and_demons, serial_shops,
          nicolae_shop_bloodbath_and_beyond, nicolae_lakefront_shop,
          nicolae_shop_stone, nicolae_shop_advertising_works
          [nicolae_subvault_shop_adworks], shop
D:2:      layout_basic, minivault_25
D:3:      layout_loops_ring, gup_sewer_entry_glass, uniq_terence, uniq_jessica,
          uniq_natasha
D:4:      layout_rooms, general_overflow_altar, mainiacjoe_overflow_tiny_flanked
D:5:      layout_basic, st_stairs_4, uniq_duvessa
D:6:      layout_basic, uniq_crazy_yiuf_cottage
D:7:      layout_rooms, marbit_many_paths, okawaru_ov_weapons_minmay,
          doesnt_xom_only_xom, minmay_temple_entry_waves,
          kennysheep_opposing_triangles, uniq_prince_ribbit1
D:8:      minmay_razor_zed, layout_rooms, nicolae_ossuary_entry_ruins,
          nicolae_grassy_gnolls, uniq_grum, uniq_maggie, uniq_maurice

Skill      XL: |  1  2  3  4  5  6  7  8  9 |
---------------+----------------------------+-----
Axes           | 2 3 4 5 6 7 8 9 |  9.0
Fighting       | 4 5 6 7 |  7.0
Armour         | 4 5 |  5.9
Dodging        | 1 |  1.5
Throwing       | 2 |  2.1
Shields        | 4 |  4.0

Action                   |  1- 3 |  4- 6 |  7- 9 || total
-------------------------+-------+-------+-------++-------
Melee: War axe           |   118 |   182 |   235 ||   535
Throw: Boomerang         |       |       |    18 ||    18
  Use: Scroll            |     8 |     1 |    15 ||    24
       Potion            |     2 |       |     6 ||     8
Armor: Scale mail        |    65 |       |       ||    65
       Plate armour      |     4 |   121 |   207 ||   332
Dodge: Dodged            |    55 |    47 |    90 ||   192
Block: Buckler           |    20 |    40 |    44 ||   104

Table legend:
 A = Non-vault XP
 B = Vault XP
 C = Vault XP percentage of total XP
 D = Non-vault monster count
 E = Vault monster count
 F = Vault count percentage of total count
                 A         B        C        D         E       F
            +---------+---------+-------+---------+---------+-------
      Total |    2731 |     965 |  26.1 |     118 |      17 |  12.6
            +---------+---------+-------+---------+---------+-------
        D:1 |      59 |       0 |   0.0 |      30 |       0 |   0.0
        D:2 |      15 |       0 |   0.0 |       8 |       0 |   0.0
        D:3 |     149 |     139 |  48.3 |      21 |       7 |  25.0
        D:4 |     451 |       0 |   0.0 |      20 |       0 |   0.0
        D:5 |     488 |     221 |  31.2 |       8 |       4 |  33.3
        D:6 |     832 |       0 |   0.0 |      16 |       0 |   0.0
        D:7 |     592 |     605 |  50.5 |      14 |       6 |  30.0
        D:8 |     145 |       0 |   0.0 |       1 |       0 |   0.0
            +---------+---------+-------+---------+---------+-------
